Map: Oxide LE

Players

PiLiPiLi

  • Race: Protoss Protoss

JonSnow - Winner!

  • Race: Zerg Zerg

Event: DreamHack SC2 Masters 2021 Fall

VOD

Have the link to the VOD?

Description

Time

  • Played on: Aug. 3, 2021, 5:05 p.m.
  • Length: 12:48

All games in this series

Show
View Real Time Build Order
Export as new Build Order

PiLiPiLi Protoss 

Build Orders: 1 Gate Expand 

Get SALT Encoding   

  12  0:00  Probe  
  13  0:12  Probe  
  14  0:19  Pylon  
  14  0:24  Probe  
  15  0:37  Probe (Chrono Boost)  
  15  0:38  Gateway  
  16  0:47  Assimilator, Probe (Chrono Boost)  
  17  0:52  Probe (Chrono Boost)  
  18  1:04  Probe  
  19  1:16  Probe  
  20  1:24  Nexus  
  20  1:32  Cybernetics Core  
  20  1:35  Probe  
  21  1:42  Assimilator  
  21  1:47  Probe  
  21  1:52  Pylon  
  22  1:59  Probe  
  23  2:07  Adept (Chrono Boost)  
  23  2:12  Probe  
  26  2:19  Stargate  
  26  2:24  Probe  
  26  2:28  Adept (Chrono Boost)  
  27  2:32  Warp Gate  
  27  2:36  Probe  
  30  2:37  Probe  
  31  2:48  Probe  
  31  2:49  Probe  
  31  2:50  Adept  
  35  2:58  Void Ray (Chrono Boost)  
  35  3:00  Probe  
  35  3:01  Probe  
  37  3:12  Gateway  
  41  3:13  Probe  
  41  3:23  Probe  
  41  3:25  Probe  
  42  3:30  Void Ray  
  38  3:35  Probe  
  38  3:37  Probe  
  38  3:40  Pylon  
  44  3:47  Pylon, Probe  
  45  3:49  Probe  
  45  3:51  Assimilator  
  46  3:55  Assimilator  
  46  3:59  Probe  
  46  4:01  Probe  
  48  4:03  Shield Battery  
  48  4:04  Void Ray (Chrono Boost)  
  48  4:11  Probe  
  48  4:13  Probe  
  54  4:24  Pylon, Probe  
  55  4:26  Probe  
  55  4:27  Stargate  
  56  4:36  Probe  
  56  4:38  Probe  
  58  4:41  Adept  
  58  4:42  Adept, Void Ray (Chrono Boost)  
  62  4:45  Pylon  
  62  4:49  Probe  
  62  4:50  Probe  
  68  5:02  Probe  
  68  5:03  Void Ray (Chrono Boost), Probe  
  69  5:14  Probe  
  74  5:18  Pylon  
  74  5:19  Pylon  
  74  5:21  Void Ray (Chrono Boost)  
  74  5:28  Nexus  
  78  5:30  Void Ray (Chrono Boost)  
  78  5:34  Pylon  
  78  5:38  Forge  
  78  5:39  Gateway  
  82  5:43  Shield Battery  
  82  5:50  Adept x2  
  82  5:55  Protoss Air Weapons Level 1  
  86  6:00  Void Ray (Chrono Boost)  
  90  6:12  Protoss Ground Weapons Level 1, Adept x2  
  94  6:19  Pylon  
  94  6:20  Pylon  
  94  6:34  Void Ray (Chrono Boost)  
  94  6:38  Nexus  
  94  6:40  Void Ray (Chrono Boost)  
  94  6:41  Pylon  
  94  6:42  Pylon  
  94  6:44  Twilight Council  
  98  6:48  Probe x2  
  104  6:55  Adept x2  
  104  6:57  Adept  
  104  7:00  Probe x2  
  112  7:03  Shield Battery  
  112  7:07  Photon Cannon  
  112  7:09  Void Ray  
  116  7:17  Void Ray  
  112  7:28  Probe x2  
  118  7:40  Probe x2  
  118  7:42  Charge (Chrono Boost), Zealot x3  
  122  7:46  Void Ray  
  120  7:52  Probe  
  120  7:57  Void Ray  
  117  8:00  Probe x2  
  117  8:04  Zealot x3, Probe  
  118  8:12  Probe x2  
  120  8:15  Photon Cannon  
  120  8:17  Shield Battery  
  120  8:22  Photon Cannon  
  120  8:25  Photon Cannon  
  120  8:26  Sentry  
  120  8:27  Zealot  
  124  8:34  Protoss Ground Weapons Level 2  
  124  8:36  Robotics Facility  
  124  8:38  Assimilator  
  124  8:40  Assimilator  
  124  8:45  Void Ray  
  128  8:57  Zealot x3  
  128  8:58  Photon Cannon  
  128  9:01  Gateway  
  128  9:02  Gateway  
  132  9:15  Void Ray  
  132  9:18  Zealot  
  132  9:19  Zealot  
  132  9:20  Gateway  
  132  9:21  Gateway  
  138  9:24  Immortal (Chrono Boost)  
  130  9:40  Zealot x2  
  118  9:49  Void Ray  
  118  9:52  Void Ray  
  114  9:54  Photon Cannon  
  114  9:56  Photon Cannon  
  114  9:58  Photon Cannon, Immortal (Chrono Boost)  
  123  10:12  Zealot x4  
  118  10:24  Zealot x2  
  118  10:27  Immortal (Chrono Boost)  
  111  10:35  Pylon  
  111  10:37  Pylon  
  111  10:39  Pylon  
  103  10:54  Templar Archives  
  103  10:56  Zealot x3  
  109  11:01  Zealot  
  109  11:02  Zealot  
  95  11:26  Immortal (Chrono Boost)  
  99  11:37  Nexus  
  99  11:42  High Templar x2  
  99  11:46  Archon  
  103  11:47  High Templar x2  
  103  11:51  Archon  
  103  11:52  High Templar x2  
  111  11:56  Archon  
  111  12:00  Pylon  
  111  12:08  Pylon  
  111  12:17  High Templar x2  
  111  12:20  High Templar x2  
  111  12:21  Archon  
  113  12:30  Zealot  
  113  12:31  Zealot  
  92  12:43  Zealot  
Show
View Real Time Build Order
Export as new Build Order

JonSnow Zerg - Winner!

Build Orders: Hatch First 

Get SALT Encoding   

  12  0:01  Drone  
  13  0:12  Overlord  
  13  0:18  Drone  
  14  0:30  Drone x2  
  16  0:49  Hatchery  
  15  0:52  Drone  
  15  0:56  Drone  
  17  1:00  Drone  
  18  1:07  Extractor  
  17  1:16  Spawning Pool  
  16  1:18  Drone  
  16  1:22  Drone  
  18  1:30  Drone  
  19  1:38  Drone  
  20  1:50  Overlord  
  20  2:03  Queen x2, Zergling x2  
  25  2:09  Metabolic Boost  
  25  2:10  Zergling x2  
  26  2:16  Drone  
  26  2:17  Drone  
  26  2:22  Drone x2  
  30  2:38  Hatchery  
  30  2:43  Drone  
  30  2:48  Drone x2  
  32  2:52  Queen  
  32  2:56  Overlord  
  34  3:00  Zergling x2  
  34  3:01  Zergling x2  
  36  3:07  Overlord  
  36  3:18  Zergling x4  
  38  3:24  Spore Crawler  
  38  3:26  Drone x2  
  35  3:27  Drone x3  
  35  3:37  Drone  
  35  3:38  Drone  
  37  3:48  Drone x2  
  39  3:49  Queen  
  39  3:52  Queen  
  43  3:57  Queen  
  43  4:02  Drone x2  
  47  4:04  Drone  
  47  4:09  Overlord  
  48  4:10  Drone  
  48  4:16  Overlord x2  
  49  4:20  Spore Crawler  
  48  4:26  Zergling x4  
  48  4:29  Queen  
  52  4:33  Drone x4  
  52  4:36  Drone  
  57  4:41  Drone  
  57  4:43  Drone x4  
  57  4:45  Drone  
  63  4:53  Queen  
  63  4:56  Queen  
  66  5:01  Roach Warren  
  66  5:06  Drone x5  
  70  5:07  Drone  
  70  5:12  Lair  
  68  5:14  Overlord  
  68  5:15  Drone  
  68  5:20  Extractor  
  68  5:21  Overlord  
  68  5:22  Extractor  
  68  5:23  Drone x2  
  68  5:26  Extractor, Evolution Chamber  
  68  5:27  Extractor  
  66  5:29  Zergling x6  
  66  5:31  Drone  
  66  5:33  Overlord  
  66  5:35  Drone  
  71  5:40  Drone x4  
  75  5:44  Drone x3  
  78  5:50  Drone  
  78  5:51  Drone  
  80  5:58  Zerg Missile Weapons Level 1  
  80  6:01  Drone x2  
  82  6:08  Drone x3  
  85  6:11  Hatchery  
  85  6:13  Glial Reconstitution  
  85  6:14  Drone  
  85  6:15  Drone  
  85  6:16  Extractor  
  85  6:18  Hatchery  
  85  6:20  Overlord  
  85  6:24  Queen  
  86  6:35  Overlord x3  
  86  6:36  Queen  
  89  6:54  Drone x2  
  89  6:55  Drone, Overlord  
  89  6:59  Queen, Roach  
  89  7:00  Roach  
  97  7:05  Roach x3  
  103  7:12  Queen  
  103  7:14  Roach x3  
  109  7:23  Zergling x2, Roach x4  
  109  7:29  Zergling x2, Roach x2  
  117  7:35  Queen  
  115  7:38  Queen  
  117  7:45  Roach x3  
  117  7:48  Queen  
  124  7:52  Roach x3  
  124  7:53  Zergling x2  
  130  8:05  Roach x3  
  136  8:17  Queen, Spore Crawler  
  137  8:22  Overlord x2  
  137  8:23  Overlord  
  137  8:34  Queen, Spore Crawler  
  137  8:35  Spore Crawler  
  137  8:39  Overlord  
  137  8:40  Queen  
  139  8:42  Ravager x9  
  139  8:45  Zergling x4  
  150  8:50  Ravager  
  150  8:53  Queen  
  151  9:00  Zergling x24  
  163  9:09  Queen  
  162  9:12  Roach x2  
  166  9:23  Queen  
  165  9:28  Queen, Hydralisk Den  
  160  9:35  Roach x5  
  168  9:45  Queen  
  161  9:46  Roach x3  
  168  9:56  Drone x3  
  168  9:59  Grooved Spines  
  156  10:11  Zergling x14  
  155  10:23  Hatchery  
  155  10:24  Zerg Missile Weapons Level 2  
  154  10:29  Overlord x2  
  154  10:32  Overlord  
  154  10:35  Drone x3  
  157  10:40  Hatchery  
  144  10:54  Hydralisk  
  144  10:55  Hydralisk x6  
  158  11:07  Drone  
  158  11:11  Muscular Augments, Hydralisk x5  
  156  11:18  Queen  
  159  11:26  Hydralisk x3  
  159  11:27  Hydralisk  
  159  11:29  Overlord  
  167  11:34  Queen, Drone  
  170  11:42  Drone x3  
  170  11:43  Drone  
  170  11:45  Spore Crawler  
  173  11:52  Overseer  
  173  11:54  Hydralisk x5  
  173  11:59  Hydralisk x2  
  186  12:07  Hydralisk x2  
  186  12:08  Zergling x10  
  186  12:19  Hydralisk x3  

Tags
 
Add a new tag
Caveats
  • Supply blocks, unpowered buildings, or Contaminate may cause inaccurate times.
  • Supply counts are checked every 10 seconds.